 Dungeon Crawl Stone Soup version 0.31-a0-198-g2ad674f65e (webtiles) character file.

Game seed: 288712026686348559

1994 FallenXxXSky the Basher (level 9, -13/52 HPs)
             Began as a Gargoyle Fighter on June 25, 2023.
             Killed from afar by a steam dragon (22 damage)
             ... with a ball of steam
             ... on level 6 of the Dungeon.
             The game lasted 00:09:04 (6310 turns).

FallenXxXSky the Basher (Gargoyle Fighter)          Turns: 6310, Time: 00:09:04

Health: -13/52     AC: 16    Str: 25    XL:     9   Next: 21%
Magic:  0/9        EV:  9    Int:  8    God:
Gold:   337        SH:  4    Dex:  9    Spells: 8/8 levels left

rFire   . . .        a - +0 flail
rCold   + . .        c - +0 buckler
rNeg    + . .        b - +0 scale mail
rPois   ∞            (no helmet)
rElec   +            e - +0 cloak
rCorr   +            x - +1 pair of gloves {infuse}
SInv    .            (no boots)
Will    .....        (no amulet) Stlth
                     p - ring of protection from cold
HPRegen 0.28/turn    o - ring of resist corrosion
MPRegen 0.11/turn

%: no passive effects
@: no status effects
A: sickness immunity, AC +6, negative energy resistance 1, electricity
resistance, torment resistance 1, petrification resistance
a: no special abilities


You were on level 6 of the Dungeon.
You visited 2 branches of the dungeon, and saw 7 of its levels.
You also visited: Ossuary.

You collected 418 gold pieces.
You spent 81 gold pieces at shops.

Inventory:

Hand Weapons
 a - a +0 flail (weapon)
Armour
 b - a +0 scale mail (worn)
 c - a +0 buckler (worn)
 e - a +0 cloak (worn)
 x - a +1 pair of gloves of infusion (worn)
Jewellery
 l - an amulet of faith
 o - a ring of resist corrosion (right hand)
 p - a ring of protection from cold (left hand)
Wands
 F - a wand of paralysis (9)
Scrolls
 f - 2 scrolls of identify
 g - a scroll of blinking
 i - a scroll of torment
 r - 4 scrolls of fog
 s - 2 scrolls of fear
 t - 3 scrolls of noise
 u - 3 scrolls of amnesia {unknown}
 v - 2 scrolls of teleportation
 y - 3 scrolls of enchant armour {unknown}
 A - 2 scrolls of immolation {unknown}
 B - a scroll of silence {unknown}
 D - a scroll of brand weapon
 E - a scroll of enchant weapon {unknown}
 H - a scroll of poison
Potions
 d - 2 potions of might
 h - 3 potions of haste
 j - a potion of magic {unknown}
 k - a potion of degeneration {unknown}
 m - 3 potions of attraction
 n - a potion of cancellation {unknown}
 q - a potion of curing {unknown}
 w - 2 potions of heal wounds {unknown}
 z - 2 potions of brilliance {unknown}
 C - a potion of invisibility {unknown}
 G - a potion of enlightenment {unknown}


   Skills:
 + Level 4.4 Fighting
 * Level 11.2 Maces & Flails
 + Level 3.7 Armour
 - Level 4.1 Shields


You had 8 spell levels left.
You didn't know any spells.
Your spell library contained the following spells:

 Spells                   Type           Power      Damage    Failure   Level
 Kiss of Death            Conj/Necr      0%         2d5       77%         1
 Shock                    Conj/Air       0%         1d3       77%         1
 Lesser Beckoning         Tloc           0%         N/A       88%         2
 Confusing Touch          Hex            0%         N/A       98%         3
 Gell's Gravitas          Tloc           0%         N/A       98%         3
 Swiftness                Air            0%         N/A       98%         3
 Teleport Other           Tloc           0%         N/A       98%         3
 Airstrike                Air            0%         2d(0-16)  100%        4
 Dispel Undead            Necr           0%         3d6       100%        4
 Petrify                  Tmut/Erth      0%         N/A       100%        4
 Metabolic Englaciation   Hex/Ice        0%         N/A       100%        5
 Dispersal                Tloc           0%         N/A       100%        6
 Statue Form              Tmut/Erth      Unusable   N/A       N/A         6

Dungeon Overview and Level Annotations

Branches:
Dungeon (6/15)             Temple (1/1) D:6         Ossuary (visited)

Altars:
Cheibriados
Dithmenos
Elyvilon
Fedhas
Gozag
Kikubaaqudgha
Makhleb
Nemelex Xobeh
Ru
Sif Muna
Trog
Vehumet
Wu Jian
Yredelemnul
Zin
The Shining One

Shops:
D:2 (*!


Innate Abilities, Weirdness & Mutations

You are immune to sickness and miasma.
Your stone body is resilient. (AC +6)
You are immune to poison.
You resist negative energy. (rN+)
You are resistant to electric shocks. (rElec)
You are resistant to unholy torment.
You are immune to petrification.


Message History

The ufetubus closely misses you. The ufetubus barely misses you.
The ufetubus hits you but does no damage. x2
You block the steam dragon's attack. The steam dragon barely misses you.
You barely miss the ufetubus.
The ufetubus is severely wounded.
The ufetubus closely misses you. The ufetubus hits you.
* * * LOW HITPOINT WARNING * * *
The steam dragon closely misses you.
The steam dragon claws you but does no damage.
The ufetubus hits you but does no damage.
The ufetubus barely misses you.
You barely miss the ufetubus.
The ufetubus is severely wounded.
The ufetubus hits you but does no damage. x2
The steam dragon bites you but does no damage.
The steam dragon claws you but does no damage.
You sock the ufetubus!
You kill the ufetubus!
The steam dragon barely misses you. You block the steam dragon's attack.
You hit the steam dragon.
The steam dragon is moderately wounded.
The steam dragon barely misses you.
The steam dragon claws you but does no damage.
The steam dragon bites you but does no damage.
The steam dragon claws you but does no damage.
You hit the steam dragon.
The steam dragon is moderately wounded.
The steam dragon bites you but does no damage.
The steam dragon claws you but does no damage.
You barely miss the steam dragon.
The steam dragon is moderately wounded.
You sock the steam dragon!
The steam dragon is almost dead.
The steam dragon bites you but does no damage.
The steam dragon claws you but does no damage.
You barely miss the steam dragon.
The steam dragon is almost dead.
The steam dragon breathes steam at you. The ball of steam hits you!!
You die...

#....# #........# #....#
#........# #....# #
#........# ####+#.##
#.###...#### .......#
#....##...#
.......#######'####.###
.......##.........#...##
.......##.......D.......
.......##.......@.####.
.......##.........#
......###.........#
......# #.........#
####### #.........#
#.........# #.........#
########..


You could see a steam dragon (catching breath).

Vanquished Creatures
  The ghost of IdlyInterested the Shield-Bearer, an amateur DsFi (D:4)
  A wraith (D:4)
  A sky beast (D:4)
  An orc warrior (D:6)
  2 ice beasts
  A black bear (D:6)
  An ogre (D:4)
  2 phantoms
  A bullfrog (D:6)
  A gnoll sergeant (D:4)
  A necrophage (D:4)
  2 scorpions
  2 jellies (D:4)
  4 hounds (D:5)
  An orc priest (D:4)
  A sleepcap (D:4)
  4 orc wizards
  A hound skeleton (D:4)
  3 mummies (Ossuary)
  4 gnolls (D:4)
  9 adders
  2 ufetubi (D:6)
  An adder zombie (Ossuary)
  4 dart slugs
  2 worms
  16 orcs
  5 bats
  7 endoplasms
  2 giant cockroaches
  9 goblins
  10 hobgoblins
  5 jackals
  10 kobolds
  2 quokkas
  9 ball pythons
  A ball python zombie (D:3)
  2 frilled lizards
  2 goblin zombies (Ossuary)
  2 hobgoblin zombies (Ossuary)
  6 kobold zombies (Ossuary)
  3 quokka zombies
  6 rats
  5 rat zombies (Ossuary)
155 creatures vanquished.

Notes
Turn   | Place    | Note
-------+----------+-------------------------------------------
     0 | D:1      | FallenXxXSky the Gargoyle Fighter began the quest for the
                  | Orb.
     0 | D:1      | Reached XP level 1. HP: 14/14 MP: 1/1
   225 | D:1      | Reached XP level 2. HP: 19/19 MP: 2/2
   906 | D:2      | Found a faded altar of an unknown god.
   907 | D:2      | Found Saophyn's Distillery.
   909 | D:2      | Reached XP level 3. HP: 22/23 MP: 3/3
   926 | D:2      | Bought a potion of lignification for 30 gold pieces
  1084 | D:2      | Reached skill level 3 in Maces & Flails
  1122 | D:2      | Found Waynamod's Assorted Antiques.
  1134 | D:2      | Bought a potion of attraction for 30 gold pieces
  1150 | D:2      | Bought a scroll labelled BENEAR NYNOLA for 21 gold pieces
  1252 | D:2      | Reached XP level 4. HP: 29/29 MP: 4/4
  1301 | D:2      | Found Xudats's Antique Weapon Boutique.
  1586 | D:3      | Found a basalt altar of Yredelemnul.
  2075 | D:3      | Reached skill level 4 in Maces & Flails
  2075 | D:3      | Reached XP level 5. HP: 32/33 MP: 1/5
  2283 | D:3      | Found a sparkling altar of Nemelex Xobeh.
  2326 | D:4      | Reached skill level 5 in Maces & Flails
  2385 | D:4      | Reached XP level 6. HP: 36/38 MP: 3/6
  2447 | D:4      | Found a runed translucent door.
  2449 | D:4      | Noticed IdlyInterested's ghost (amateur DsFi)
  2492 | D:4      | Reached skill level 6 in Maces & Flails
  2711 | D:4      | Reached XP level 7. HP: 40/43 MP: 1/7
  2853 | D:4      | Found a sand-covered staircase.
  2864 | Ossuary  | Entered an ossuary
  2876 | Ossuary  | Reached skill level 7 in Maces & Flails
  3558 | D:4      | Reached skill level 8 in Maces & Flails
  3764 | D:4      | Found a burning altar of Makhleb.
  3776 | D:4      | Reached XP level 8. HP: 48/48 MP: 2/8
  4412 | D:4      | Killed IdlyInterested's ghost
  4413 | D:4      | Reached skill level 9 in Maces & Flails
  4477 | D:5      | Entered Level 5 of the Dungeon
  4477 | D:5      | Noticed a wraith
  4760 | D:4      | Killed a wraith
  4945 | D:5      | Found a shadowy altar of Dithmenos.
  5033 | D:5      | Reached skill level 10 in Maces & Flails
  5291 | D:5      | Found an opulent altar of Gozag.
  5632 | D:5      | Found a glowing golden altar of the Shining One.
  5710 | D:6      | Found a staircase to the Ecumenical Temple.
  5724 | D:6      | Reached skill level 11 in Maces & Flails
  5724 | D:6      | Reached XP level 9. HP: 52/52 MP: 5/9
  5727 | Temple   | Entered the Ecumenical Temple
  6310 | D:6      | Killed from afar by a steam dragon

Illustrated notes

Levels and vault maps discovered:
D:1:      lightli_iron_boxes, layout_basic, minivault_24
D:2:      layout_rooms, dreamdust_ecumenical_altar_grove, serial_shops,
          nicolae_shop_real_fake_doors, shop, nicolae_shop_just_a_little_nook,
          minmay_misc_feat_enclosed, minivault_24, minivault_25
D:3:      layout_basic, nemelex_diamond_rough_becter,
          lemuel_zombie_altar_yredelemnul
D:4:      minmay_clustersquares, layout_basic, makhleb_blood_cavern_becter,
          enter_ossuary_1, ebering_ghost_sewer_d
D:5:      layout_basic, grunt_dithmenos_smoke, mainiacjoe_overflow_alcove_2,
          grunt_gozag_statues
D:6:      layout_basic, minmay_temple_entry_mist
Temple:   hellmonk_temple_beads

Skill      XL: |  1  2  3  4  5  6  7  8 |
---------------+-------------------------+-----
Maces & Flails | 3 4 5 6 8 11 | 11.2
Fighting       | 4 |  4.4
Shields        | 4 |  4.1
Armour         | |  3.7

Action                     |  1- 3 |  4- 6 |  7- 9 || total
---------------------------+-------+-------+-------++-------
  Melee: Flail             |   122 |   126 |   327 ||   575
    Use: Scroll            |     2 |     1 |     6 ||     9
         Potion            |       |       |     1 ||     1
 Armour: Scale mail        |    71 |    54 |   167 ||   292
         Skin              |       |       |    21 ||    21
  Dodge: Dodged            |    50 |    47 |   122 ||   219
  Block: Buckler           |    26 |    26 |    69 ||   121

Table legend: (Time is in decaauts)
 A = Elapsed time spent in this place.
 B = Non-inter-level travel time spent in this place.
 C = Inter-level travel time spent in this place.
 D = Time resting spent in this place.
 E = Time spent auto-exploring this place.
 F = Levels seen in this place.
 G = Mean time per level.
                   A        B        C        D        E       F      G
               +--------+--------+--------+--------+--------+-----+--------+
         Total |   6397 |   6038 |    359 |    527 |   4193 |   8 |  799.6 |
       Dungeon |   5663 |   5358 |    305 |    462 |   3716 |   6 |  943.8 |
        Temple |    194 |    140 |     54 |      0 |    115 |   1 |  194.0 |
       Ossuary |    539 |    539 |      0 |     65 |    362 |   1 |  539.0 |
               +--------+--------+--------+--------+--------+-----+--------+

Top non-repeatable levels by time:
     D:4: 1883 daAuts
     D:5: 979 daAuts
     D:1: 892 daAuts
     D:3: 841 daAuts
     D:2: 664 daAuts
 Ossuary: 539 daAuts
     D:6: 402 daAuts
  Temple: 194 daAuts
